 Dungeon Crawl Stone Soup version 0.17-a0-649-g87edefa (webtiles) character file.

9978 xeno23 the Envoy of Void (level 11, -1/81 HPs)
             Began as a Demonspawn Abyssal Knight on Apr 17, 2015.
             Was a High Priest of Lugonu.
             Slain by a manticore (9 damage)
             ... on level 10 of the Dungeon.
             The game lasted 00:59:00 (8608 turns).

xeno23 the Envoy of Void (DsAK)                     Turns: 8608, Time: 00:59:00

Health: -1/81      AC: 16    Str: 14    XL:     11   Next: 30%
Magic:  6/17       EV: 13    Int: 14    God:    Lugonu [*****.]
Gold:   501        SH:  0    Dex: 14    Spells: 1 memorised, 7 levels left

rFire  + . .     SeeInvis .     b - +4 dagger (venom)
rCold  . . .     Clarity  .     d - +0 ring mail
rNeg   . . .     SustAb   .     (no shield)
rPois  .         Gourm    .     (helmet restricted)
rElec  .         Spirit   .     F - +2 cloak
rCorr  .         Warding  .     (no gloves)
rMut   .         Stasis   .     P - +2 pair of boots
MR     .....                    (no amulet)
Stlth  +++.......               J - +4 ring of slaying
                                h - ring of invisibility

@: manticore barbs, regenerating (expiring), not resistant to hostile
enchantments, fairly stealthy
A: horns 1, iridescent scales 1, fire resistance 1, powered by death 1,
augmentation 1, flame cloud immunity
a: Depart the Abyss, Bend Space, Banish, Corrupt, Enter the Abyss, Renounce
Religion, Evoke Invisibility


You were on level 10 of the Dungeon.
You worshipped Lugonu.
Lugonu was extremely pleased with you.
You were hungry.

You visited 2 branches of the dungeon, and saw 11 of its levels.
You visited the Abyss 1 time.

You collected 501 gold pieces.

Inventory:

Hand weapons
 a - a +1 falchion
 b - a +4 dagger of venom (weapon)
 v - a +2 quarterstaff of chaos
 H - a +0 hunting sling
 O - a +2 battleaxe of pain
 W - a +0 great sword
 Y - a +6 blowgun
Missiles
 i - 194 stones
 q - a throwing net
 r - 19 sling bullets
 u - 31 poisoned needles
 D - 6 javelins (quivered)
Armour
 d - a +0 ring mail (worn)
 F - a +2 cloak (worn)
 M - a +0 scale mail
 P - a +2 pair of boots (worn)
 U - a +0 plate armour
Magical staves
 T - an uncursed staff of death {unknown}
Jewellery
 h - a ring of invisibility (left hand)
 A - an uncursed ring of teleportation
 J - a +4 ring of slaying (right hand)
 Z - an uncursed amulet of faith {unknown}
Magical devices
 x - a wand of cold (2)
 B - a wand of random effects (48)
 K - a wand of frost (34)
 Q - a wand of slowing (32)
 R - a wand of enslavement (20)
Scrolls
 k - a scroll of recharging
 t - 12 scrolls of remove curse
 w - a scroll of enchant armour
 y - 3 scrolls of teleportation
Potions
 e - 7 potions of curing
 f - 2 potions of brilliance
 l - a potion of magic
 m - a potion of haste
 o - 4 potions of agility {unknown}
 p - 2 potions of ambrosia
 s - a potion of cancellation {unknown}
 z - a potion of heal wounds {unknown}
 C - a potion of resistance {unknown}
 I - a potion of berserk rage {unknown}
 L - a potion of poison {unknown}
Books
 j - a book of Necromancy

   Spells                             Type                      Level
   a - Pain                           Necromancy                   1
   b - Animate Skeleton               Necromancy                   1
   c - Vampiric Draining              Necromancy                   3
   d - Regeneration                   Charms/Necromancy            3
   e - Animate Dead                   Necromancy                   4
   f - Control Undead                 Necromancy                   4
 E - a book of Envenomations

   Spells                             Type                      Level
   a - Spider Form                    Transmutation/Poison         3
   b - Alistair's Intoxication        Transmutation/Poison         4
   c - Olgreb's Toxic Radiance        Poison                       4
   d - Poisonous Cloud                Conjuration/Poison/Air       6
 S - a book of Ice

   Spells                             Type                      Level
   a - Ice Form                       Ice/Transmutation            4
   b - Metabolic Englaciation         Hexes/Ice                    5
   c - Ozocubu's Refrigeration        Ice                          6
   d - Bolt of Cold                   Conjuration/Ice              6
   e - Freezing Cloud                 Conjuration/Ice/Air          6
   f - Simulacrum                     Ice/Necromancy               6
Comestibles
 c - 9 bread rations
 g - 9 slices of pizza
 n - 5 meat rations
 G - a beef jerky
 N - 2 fruits
 X - 4 chunks of flesh


   Skills:
 + Level 6.0 Fighting
 + Level 4.9(5.1) Short Blades
 - Level 2.0(3.7) Long Blades
 + Level 5.7 Armour
 + Level 4.8 Dodging
 * Level 7.6 Stealth
 + Level 2.2 Charms
 * Level 6.6 Necromancy
 + Level 8.1 Invocations
 * Level 7.3 Evocations


You had 7 spell levels left.
You knew the following spells:

 Your Spells              Type           Power        Failure   Level  Hunger
t - Regeneration          Chrm/Necr      ##........   34%         3    ####...


Dungeon Overview and Level Annotations

Branches:
Dungeon (11/15)            Temple (1/1) D:6            Lair (0/8) D:10
    Orc (0/4) D:9

Altars:
Ashenzari
Cheibriados
Dithmenos
Elyvilon
Fedhas
Gozag
Makhleb
Nemelex Xobeh
Okawaru
Qazlal
Ru
Sif Muna
Trog
Vehumet
Yredelemnul
Zin
The Shining One


Innate Abilities, Weirdness & Mutations

You have a pair of small horns on your head.
You are partially covered in iridescent scales (AC +4).
Your flesh is heat resistant.
You can steal the life force of nearby defeated enemies.
Your magical and physical power is slightly enhanced at high health.
You are immune to clouds of flame.


Message History

Your skin is crawling a little less now.
Throwing (i - inventory. (,) - cycle):
D - 7 javelins (quivered)
Press: ? - help, Shift-Dir - straight line, f/p - manticore
Aim: a manticore (lightly wounded, poisoned)
You throw a javelin. The javelin hits the manticore.
The manticore is moderately wounded.
You hit the manticore.
The manticore looks even sicker.
The manticore is moderately wounded.
The manticore bites you!
* * * LOW HITPOINT WARNING * * *
The manticore claws you but does no damage.
The manticore barely misses you.
You take 12 damage.
Use which ability? (? or * to list)
Press: ? - help, Shift-Dir - straight line, f/p - manticore
Aim: a manticore (moderately wounded, poisoned, chance 69%)
The manticore struggles to resist.
You are feeling hungry.
The manticore bites you!
You die...

###.# #.#### # ####'#######
#....# ...........# #######<####
### ...........### #..........#
#.. ...........'.###......†...#
#.. ...........#..##...§......###
#..
...........##.....§.........###..
...........#####..§>......#..)'..
...........# #@H(.....(.#####..
############ ############ ###


You could see a manticore.

Vanquished Creatures
  A giant orange brain (D:10)
  3 hill giants (D:10)
  An orc knight (D:10)
  A manticore (D:10)
  Prince Ribbit (D:9)
  A spriggan (D:8)
  7 yaks (D:10)
  Eustachio (D:4)
  2 hungry ghosts
  4 wargs (D:9)
  A hippogriff (D:8)
  A water moccasin (D:10)
  3 orc warriors
  2 phantoms
  4 ice beasts
  A sky beast (D:10)
  6 ogres
  2 centaurs (D:10)
  A crocodile (D:10)
  8 giant frogs
  A scorpion (D:9)
  7 crimson imps
  3 hounds
  A centaur zombie (D:5)
  A quasit (D:8)
  A giant frog zombie (D:8)
  A giant frog skeleton (D:10)
  Crazy Yiuf (D:2)
  4 orc priests
  11 orc wizards
  6 worker ants
  2 centaur skeletons
  2 jellies
  Natasha (thrice) (D:4)
  3 iguanas
  A hound zombie (D:5)
  A hound skeleton (D:4)
  11 adders
  7 gnolls
  An adder zombie (D:5)
  3 worms
  5 giant geckos
  41 orcs
  A ball python (D:5)
  A bat skeleton (D:8)
  7 giant cockroaches
  8 goblins
  8 hobgoblins
  4 quokkas
  12 bats
  A giant gecko skeleton (D:4)
  4 giant newts
  A giant spore (D:8)
  21 jackals
  14 kobolds
  A quokka zombie (D:10)
  13 rats
264 creatures vanquished.

Vanquished Creatures (others)
  A centaur warrior (D:10)
  A troll (D:9)
  A yak (D:10)
  An orc warrior (D:8)
  A worker ant (D:10)
5 creatures vanquished.

Grand Total: 269 creatures vanquished

Notes
Turn   | Place    | Note
--------------------------------------------------------------
     0 | Abyss:1  | xeno23, the Demonspawn Abyssal Knight, began the quest for the Orb.
     0 | Abyss:1  | Reached XP level 1. HP: 18/18 MP: 2/2
    42 | Abyss:1  | Noticed a quasit
    53 | Abyss:1  | Found a deep blue altar of Sif Muna.
    66 | Abyss:1  | Noticed a smoke demon
    66 | D:1      | Escaped the Abyss
   129 | D:1      | Acquired Lugonu's first power
   362 | D:1      | Gained mutation: Your flesh is heat resistant. [demonic ancestry]
   362 | D:1      | Reached XP level 2. HP: 24/24 MP: 2/4
   453 | D:1      | Reached skill level 1 in Dodging
   615 | D:1      | Reached skill level 1 in Evocations
   931 | D:2      | Gained mutation: You are partially covered in iridescent scales (AC +4). [demonic ancestry]
   931 | D:2      | Reached XP level 3. HP: 10/29 MP: 5/5
  1157 | D:2      | Acquired Lugonu's second power
  1163 | D:2      | Gained mutation: You are immune to clouds of flame. [demonic ancestry]
  1163 | D:2      | Reached XP level 4. HP: 33/35 MP: 6/6
  1332 | D:2      | Noticed Crazy Yiuf
  1345 | D:2      | Killed Crazy Yiuf
  1345 | D:2      | Reached skill level 1 in Stealth
  1593 | D:2      | Reached skill level 4 in Invocations
  1595 | D:2      | Reached XP level 5. HP: 27/41 MP: 6/8
  1931 | D:3      | Acquired Lugonu's third power
  2013 | D:3      | Reached skill level 1 in Short Blades
  2377 | D:4      | Noticed Eustachio
  2377 | D:4      | Noticed Natasha
  2392 | D:3      | Reached XP level 6. HP: 48/48 MP: 9/9
  2404 | D:4      | Killed Natasha
  2493 | D:4      | Killed Eustachio
  2682 | D:4      | Noticed Natasha
  2685 | D:4      | Noticed an ogre
  2693 | D:4      | Killed Natasha
  2704 | D:4      | Killed an ogre
  2704 | D:4      | Gained mutation: You have a pair of small horns on your head. [demonic ancestry]
  2704 | D:4      | Reached XP level 7. HP: 51/54 MP: 10/10
  2780 | D:4      | Found a glowing golden altar of the Shining One.
  2780 | D:4      | Found a basalt altar of Yredelemnul.
  2780 | D:4      | Found a bloodstained altar of Trog.
  2780 | D:4      | Noticed a phantom
  2815 | D:4      | Killed a phantom
  2815 | D:4      | Acquired Lugonu's fourth power
  2827 | D:4      | Found a radiant altar of Vehumet.
  3005 | D:4      | Noticed Natasha
  3007 | D:4      | Killed Natasha
  3012 | D:4      | Noticed an ogre
  3225 | D:4      | Noticed an ogre
  3302 | D:4      | Killed an ogre
  3302 | D:4      | Reached skill level 5 in Invocations
  3381 | D:5      | Entered Level 5 of the Dungeon
  3422 | D:5      | Found a shadowy altar of Dithmenos.
  3509 | D:5      | Reached XP level 8. HP: 53/61 MP: 11/11
  4045 | D:5      | Learned a level 3 spell: Regeneration
  4103 | D:5      | Found a glowing silver altar of Zin.
  4110 | D:5      | Found a shattered altar of Ashenzari.
  4561 | D:6      | Reached skill level 1 in Necromancy
  4620 | D:6      | Found a staircase to the Ecumenical Temple.
  4628 | Temple   | Entered the Ecumenical Temple
  4847 | D:6      | Acquired Lugonu's fifth power
  4944 | D:6      | You fall through a shaft for 2 floors!
  4981 | D:8      | Reached skill level 5 in Evocations
  5076 | D:8      | Reached skill level 6 in Invocations
  5080 | D:8      | Gained mutation: You can steal the life force of nearby defeated enemies. [demonic ancestry]
  5080 | D:8      | Reached XP level 9. HP: 65/67 MP: 13/13
  5184 | D:8      | Identified a scroll of acquirement
  5337 | D:8      | Reached skill level 5 in Fighting
  5337 | D:8      | Reached skill level 5 in Stealth
  5346 | D:8      | Found a burning altar of Makhleb.
  5887 | D:9      | Found a staircase to the Orcish Mines.
  6468 | D:9      | Noticed Prince Ribbit
  6500 | D:9      | Killed Prince Ribbit
  6587 | D:9      | Found an opulent altar of Gozag.
  6671 | D:9      | Reached skill level 7 in Invocations
  6752 | D:9      | Reached XP level 10. HP: 74/74 MP: 15/15
  6987 | D:10     | Entered Level 10 of the Dungeon
  7100 | D:10     | Reached skill level 5 in Armour
  7154 | D:10     | Reached skill level 5 in Necromancy
  7232 | D:10     | Found a staircase to the Lair.
  7360 | D:10     | Reached skill level 1 in Charms
  7481 | D:10     | Noticed a hill giant
  7555 | D:10     | Killed a hill giant
  7703 | D:10     | Noticed a centaur warrior
  7706 | D:10     | Banished a centaur warrior
  7794 | D:10     | Noticed a giant orange brain
  7798 | D:10     | Noticed a hill giant
  7957 | D:10     | Killed a hill giant
  8318 | D:10     | Gained mutation: Your magical and physical power is slightly enhanced at high health. [demonic ancestry]
  8318 | D:10     | Reached XP level 11. HP: 81/81 MP: 16/16
  8320 | D:10     | Noticed a manticore
  8329 | D:10     | Killed a manticore
  8349 | D:10     | Noticed an orc knight
  8380 | D:10     | Killed an orc knight
  8380 | D:10     | Reached skill level 8 in Invocations
  8414 | D:10     | Noticed a hill giant
  8476 | D:10     | Killed a hill giant
  8522 | D:10     | Killed a giant orange brain
  8608 | D:10     | Slain by a manticore

Action                   |  1- 3 |  4- 6 |  7- 9 | 10-12 || total
-------------------------+-------+-------+-------+-------++-------
Melee: Falchion          |    86 |    82 |    53 |       ||   221
       Dagger            |    14 |   200 |   379 |   229 ||   822
       Battleaxe         |       |       |     9 |       ||     9
 Fire: Blowgun           |       |       |       |    21 ||    21
Throw: Throwing net      |       |     2 |     1 |       ||     3
       Stone             |       |     1 |     2 |       ||     3
       Javelin           |       |       |     6 |     7 ||    13
 Cast: Regeneration      |       |       |       |     1 ||     1
Invok: Depart the Abyss  |     1 |       |       |       ||     1
       Banish            |       |       |     2 |     5 ||     7
       Bend Space        |       |       |     1 |     6 ||     7
Evoke: Wand              |       |       |     1 |       ||     1
  Use: Scroll            |       |     1 |    13 |     3 ||    17
 Stab: Held in net/web   |       |     1 |       |       ||     1
       Sleeping          |       |       |     6 |     8 ||    14
       Distracted        |       |       |       |     1 ||     1
  Eat: Chunk             |       |     7 |    13 |     8 ||    28
